 Dungeon Crawl Stone Soup version 0.31-a0-162-gc4c5a43528 (webtiles) character file.

Game seed: 7101187771020129849

278 fishfingerz the Caller (level 6, -7/44 HPs)
             Began as a Merfolk Summoner on June 13, 2023.
             Shot with an arrow by a centaur (12 damage)
             ... on level 5 of the Dungeon.
             The game lasted 00:33:11 (4751 turns).

fishfingerz the Caller (Merfolk Summoner)           Turns: 4751, Time: 00:33:11

Health: -7/44      AC:  4    Str: 11    XL:     6   Next: 26%
Magic:  5/11       EV: 13    Int: 14    God:
Gold:   46         SH:  0    Dex: 14    Spells: 6/12 levels left

rFire   . . .        j - +0 dagger
rCold   . . .        (no shield)
rNeg    . . .        a - +0 robe
rPois   .            (no helmet)
rElec   .            (no cloak)
rCorr   .            i - +1 pair of gloves
SInv    .            (no boots)
Will    .....        (no amulet)
Stlth   ++           (no ring)
HPRegen 0.27/turn    (no ring)
MPRegen 0.12/turn

%: no passive effects
@: no status effects
A: (nimble swimmer 2), mertail
a: no special abilities


You were on level 5 of the Dungeon.
You visited 1 branch of the dungeon, and saw 5 of its levels.

You collected 161 gold pieces.
You spent 115 gold pieces at shops.

Inventory:

Hand Weapons
 j - a +0 dagger (weapon)
Armour
 a - a +0 robe (worn)
 i - a +1 pair of gloves (worn)
Scrolls
 e - 4 scrolls of identify
 k - 2 scrolls of enchant weapon
 n - a scroll of teleportation
 o - a scroll of amnesia {unknown}
 p - 2 scrolls of revelation
Potions
 b - a potion of magic
 c - a potion of might
 d - a potion of lignification {unknown}
 f - a potion of heal wounds
 g - 6 potions of curing
 h - a potion of haste {unknown}
 l - 2 potions of cancellation {unknown}
 m - a potion of degeneration {unknown}
 q - a potion of attraction {unknown}


   Skills:
 * Level 1.9 Fighting
 * Level 3.5 Dodging
 * Level 2.8 Stealth
 + Level 0.2 Unarmed Combat
 * Level 3.5 Spellcasting
 * Level 0.9 Hexes
 * Level 5.3 Summonings
 * Level 0.7 Air Magic


You had 6 spell levels left.
You knew the following spells:

 Your Spells              Type           Power      Damage    Failure   Level
a - Summon Small Mammal   Summ           68%        N/A       2%          1
b - Call Imp              Summ           34%        N/A       3%          2
c - Call Canine Familiar  Summ           17%        N/A       7%          3

Your spell library contained the following spells:

 Spells                   Type           Power      Damage    Failure   Level
 Summon Guardian Golem    Hex/Summ       11%        N/A       17%         3
 Beastly Appendage        Tmut           4%         N/A       21%         1
 Ensorcelled Hibernation  Hex/Ice        6%         N/A       26%         2
 Sublimation of Blood     Necr           2%         N/A       30%         2
 Wereblood                Tmut           2%         N/A       30%         2
 Summon Lightning Spire   Summ/Air       10%        N/A       50%         4
 Spider Form              Tmut/Pois      2%         N/A       52%         3
 Anguish                  Hex/Necr       1%         N/A       86%         4
 Summon Hydra             Summ           8%         N/A       100%        7


Dungeon Overview and Level Annotations

Branches:
Dungeon (5/15)
 Temple: D:4-7

Altars:
The Shining One

Shops:
D:4 ?

Annotations:
D:4 Pikel


Innate Abilities, Weirdness & Mutations

((You are very nimble when in or above water. (Stealth+, EV+, Speed+++)))
Your lower body shifts to a powerful aquatic tail in water.


Message History

Casting: Call Imp (safe; 3% risk of failure)
Confirm with . or Enter, or press ? or * to list all spells.
You don't have enough magic to cast this spell.
Casting: Call Imp (safe; 3% risk of failure)
Confirm with . or Enter, or press ? or * to list all spells.
You don't have enough magic to cast this spell.
Something closely misses your cerulean imp. x2 2 orcs come into view.
An orc is wielding a +2 flail of draining.
Found 6 stones.
The centaur wields a +0 shortbow.
The centaur shoots an arrow.
The arrow hits your quokka!
Your quokka dies!
Your quokka's corpse disappears in a puff of smoke!
The centaur shoots an arrow.
The arrow closely misses you.
Your cerulean imp hits the centaur but does no damage.
An adder comes into view.
The centaur shoots an arrow.
The arrow hits you.
Your cerulean imp hits the centaur but does no damage.
The centaur shoots an arrow.
The arrow hits you.
Your cerulean imp hits the centaur but does no damage.
The centaur shoots an arrow.
The arrow hits you!
You see here a quokka corpse.
The centaur shoots an arrow.
The arrow closely misses you.
The centaur wields a +0 shortbow.
The centaur shoots an arrow.
The arrow closely misses you.
The centaur shoots an arrow.
The arrow hits you.
The centaur shoots an arrow.
The arrow hits you.
The centaur shoots an arrow.
The arrow barely misses you.
The centaur shoots an arrow.
The arrow hits you!
The centaur shoots an arrow.
The arrow misses you.
The orc jeers repeatedly.
The centaur shoots an arrow.
The arrow hits you.
* * * LOW HITPOINT WARNING * * *
The centaur shoots an arrow.
The arrow barely misses you.
The centaur shoots an arrow.
The arrow hits you!
* * * LOW HITPOINT WARNING * * *
The orc cheers to no one in particular.
The centaur shoots an arrow.
The arrow hits you!
You die...

....... .># #....###.# #<...#
# ####.)# #. #.....# ..
#.##..# #.####.###[#######
#....#...........# ###
###@#####.#####.####
......(###...####..#####....#
...........##..........#..###
.....=......#.##..####.##.##
.................## #.....#
..o.........#.#..# #######
...c........#o...#
....../.###†#.c.## ###5#
#.#.#.#


You could see a centaur and an orc.

Vanquished Creatures
  2 goblins
  A bat (D:1)
3 creatures vanquished.

Vanquished Creatures (collateral kills)
  2 scorpions
  A jelly (D:5)
  An orc priest (D:2)
  Robin (D:2)
  An adder (D:2)
  2 worms
  2 dart slugs
  5 orcs
  3 ball pythons (D:1)
  6 endoplasms
  A giant cockroach (D:3)
  11 goblins
  4 hobgoblins
  2 kobolds (D:1)
  4 quokkas
  7 bats
  4 frilled lizards
  5 rats
62 creatures vanquished.

Grand Total: 65 creatures vanquished

Notes
Turn   | Place    | Note
-------+----------+-------------------------------------------
     0 | D:1      | fishfingerz the Merfolk Summoner began the quest for the
                  | Orb.
     0 | D:1      | Reached XP level 1. HP: 13/13 MP: 3/3
   111 | D:1      | Reached XP level 2. HP: 19/19 MP: 3/5
   533 | D:1      | Learned a level 2 spell: Call Imp
   854 | D:1      | Reached XP level 3. HP: 25/25 MP: 0/6
  1164 | D:1      | Identified a scroll of acquirement
  1164 | D:1      | Acquired a book of Changes
  1202 | D:2      | Noticed Robin
  1838 | D:2      | Reached skill level 1 in Fighting
  1929 | D:2      | Killed Robin
  1930 | D:2      | Reached XP level 4. HP: 32/32 MP: 1/7
  2985 | D:2      | Reached skill level 5 in Summonings
  2985 | D:2      | Reached XP level 5. HP: 13/37 MP: 2/9
  3091 | D:3      | Learned a level 3 spell: Call Canine Familiar
  3709 | D:3      | Found a glowing golden altar of the Shining One.
  4193 | D:4      | Found Wurphatemp's Magic Scroll Shoppe.
  4199 | D:4      | Bought a scroll of identify for 20 gold pieces
  4199 | D:4      | Bought a scroll of enchant armour for 75 gold pieces
  4199 | D:4      | Bought a scroll of identify for 20 gold pieces
  4202 | D:4      | Noticed a lemure
  4202 | D:4      | Noticed a lemure
  4317 | D:4      | Noticed a nameless horror
  4491 | D:4      | Noticed Pikel
  4491 | D:4      | Noticed a lemure
  4491 | D:4      | Noticed a lemure
  4572 | D:5      | Entered Level 5 of the Dungeon
  4700 | D:5      | Reached XP level 6. HP: 44/44 MP: 2/11
  4751 | D:5      | Shot with an arrow by a centaur

Illustrated notes

Levels and vault maps discovered:
D:1:      eino_arrival_cavern_d, layout_rooms, minmay_misc_feat_roman
D:2:      layout_basic, amcnicky_mini_pool_small, st_stairs_4, uniq_robin
D:3:      layout_loops_ring, mainiacjoe_overflow_paths
D:4:      layout_loops_cross, serial_shops, shop, nicolae_shop_back_alley_shop,
          shop, uniq_pikel
D:5:      layout_basic, gammafunk_ghost_split

Skill      XL: |  1  2  3  4  5 |
---------------+----------------+-----
Dodging        | 3 |  3.5
Fighting       | 1 |  1.9
Summonings     | 5 |  5.3
Spellcasting   | 3 |  3.5
Stealth        | |  2.8
Unarmed Combat | |  0.2
Hexes          | |  0.9
Air Magic      | |  0.7

Action                     |  1- 3 |  4- 6 || total
---------------------------+-------+-------++-------
  Melee: Unarmed           |    13 |       ||    13
         Dagger            |       |    14 ||    14
   Cast: Summon Small Mamm |    78 |    59 ||   137
         Call Imp          |    23 |    23 ||    46
         Call Canine Famil |       |     9 ||     9
    Use: Scroll            |     3 |     9 ||    12
         Potion            |     1 |       ||     1
 Armour: Robe              |    23 |    13 ||    36
  Dodge: Dodged            |    62 |    23 ||    85

Table legend: (Time is in decaauts)
 A = Elapsed time spent in this place.
 B = Non-inter-level travel time spent in this place.
 C = Inter-level travel time spent in this place.
 D = Time resting spent in this place.
 E = Time spent auto-exploring this place.
 F = Levels seen in this place.
 G = Mean time per level.
                   A        B        C        D        E       F      G
               +--------+--------+--------+--------+--------+-----+--------+
         Total |   4750 |   4337 |    413 |    339 |   2221 |   5 |  950.0 |
       Dungeon |   4750 |   4337 |    413 |    339 |   2221 |   5 |  950.0 |
               +--------+--------+--------+--------+--------+-----+--------+

Top non-repeatable levels by time:
     D:2: 1703 daAuts
     D:1: 1374 daAuts
     D:3: 1114 daAuts
     D:4: 378 daAuts
     D:5: 178 daAuts
